 Dungeon Crawl Stone Soup version 0.29.1-15-g9cfb28693d (webtiles) character file.

Game seed: 10662736632700152801

272 firemarshallily the Sneak (level 6, -2/42 HPs)
             Began as an Octopode Brigand on Feb 25, 2023.
             Slain by Crazy Yiuf
             ... wielding a +4 quarterstaff of chaos
              (15 damage)
             ... on level 3 of the Dungeon.
             The game lasted 00:09:12 (3603 turns).

firemarshallily the Sneak (Octopode Brigand)        Turns: 3603, Time: 00:09:13

Health: -2/42      AC:  1    Str: 10    XL:     6   Next: 23%
Magic:  13/15      EV: 13    Int: 19    God:
Gold:   72         SH:  0    Dex: 16    Spells: 3/5 levels left

rFire   . . .      SeeInvis .   a - +2 dagger
rCold   . . .      Faith    .   (no shield)
rNeg    + . .      Spirit   .   (helmet restricted)
rPois   .          Reflect  .   (no amulet)
rElec   .          Harm     .   d - ring of magical power
rCorr   .          Rampage  .   j - ring of positive energy
Will    .....                   k - +6 ring of intelligence
Stlth   +++++.....              (no ring)
HPRegen 0.14/turn               (no ring)
MPRegen 0.14/turn               (no ring)
                                (no ring)
                                (no ring)

@: no status effects
A: almost no armour, amphibious, 8 rings, camouflage 1, gelatinous body 1,
(nimble swimmer 1), tentacles
a: no special abilities


You were on level 3 of the Dungeon.
You visited 1 branch of the dungeon, and saw 3 of its levels.

You collected 163 gold pieces.
You spent 91 gold pieces at shops.

Inventory:

Hand Weapons
 a - a +2 dagger (weapon)
Missiles
 b - 11 poisoned darts (quivered)
 c - 3 curare-tipped darts
Armour
 l - a +0 buckler
Jewellery
 d - a ring of magical power (left tentacle)
 j - a ring of positive energy (right tentacle)
 k - a +6 ring of intelligence (on tentacle)
Scrolls
 g - 3 scrolls of teleportation
 i - a scroll of silence
 m - 2 scrolls of poison
 p - a scroll of fear
 q - a scroll of amnesia
 t - a scroll of torment {unknown}
Potions
 e - a potion of mutation {unknown}
 f - a potion of lignification {unknown}
 n - 2 potions of brilliance {unknown}
 o - 2 potions of resistance {unknown}
 r - a potion of heal wounds {unknown}
 s - a potion of flight {unknown}
 u - a potion of magic {unknown}


   Skills:
 + Level 3.3 Fighting
 * Level 4.2 Short Blades
 - Level 2.0 Throwing
 - Level 1.0 Dodging
 * Level 7.6 Stealth


You had 3 spell levels left.
You knew the following spells:

 Your Spells              Type           Power      Damage    Failure   Level
a - Ensorcelled Hibernat  Hex/Ice        0%         N/A       30%         2

Your spell library contained the following spells:

 Spells                   Type           Power      Damage    Failure   Level
 Shock                    Conj/Air       0%         1d3       21%         1
 Spider Form              Tmut/Pois      0%         N/A       52%         3
 Swiftness                Air            0%         N/A       52%         3
 Airstrike                Air            0%         2d(0-16)  90%         4
 Anguish                  Hex/Necr       0%         N/A       90%         4


Dungeon Overview and Level Annotations

Branches:
Dungeon (3/15)

Altars:
Cheibriados

Shops:
D:1 ?

Annotations:
D:3 Crazy Yiuf


Innate Abilities, Weirdness & Mutations

You cannot wear most types of armour.
You are amphibious.
You can wear up to eight rings at the same time.
Your skin changes colour to match your surroundings (Stealth+).
Your rubbery body absorbs attacks. (AC +1, EV +1)
((You are camouflaged when in or above water. (Stealth+)))
You have tentacles for arms and can constrict up to eight enemies at once.


Message History

Could not explore, unopened runed door.
You open the door.
Casting: Ensorcelled Hibernation (dangerous; 30% risk of failure)
Confirm with . or Enter, or press ? or * to list all spells.
Aiming: Ensorcelled Hibernation (dangerous; 30% risk of failure)
Press: ? - help, Shift-Dir - straight line, f - Crazy Yiuf
Aim: Crazy Yiuf, wielding a +4 quarterstaff of chaos and wearing a +2 cloak of willpower (chance to affect: 13%) Crazy Yiuf resists with almost no effort.
Crazy Yiuf hits you with a +4 quarterstaff of chaos!
You resist with some effort.
You hit Crazy Yiuf but do no damage. You grab Crazy Yiuf.
You squeeze Crazy Yiuf.
Crazy Yiuf is lightly wounded.
You constrict Crazy Yiuf, but do no damage.
Crazy Yiuf hits you with a +4 quarterstaff of chaos!
You are confused.
You are too confused!
Unknown command.
It was a potion of curing.
You feel better.
You constrict Crazy Yiuf.
Crazy Yiuf says, "Seed!
Earwax mumblescurry spinner."
Crazy Yiuf hits you with a +4 quarterstaff of chaos!
You hit Crazy Yiuf but do no damage. You squeeze Crazy Yiuf.
Crazy Yiuf is lightly wounded.
You constrict Crazy Yiuf, but do no damage.
Crazy Yiuf hits you with a +4 quarterstaff of chaos!
* * * LOW HITPOINT WARNING * * *
You feel better.
You constrict Crazy Yiuf, but do no damage.
Crazy Yiuf completely misses you.
You hit Crazy Yiuf.
Crazy Yiuf is moderately wounded.
You constrict Crazy Yiuf, but do no damage.
Crazy Yiuf closely misses you.
You hit Crazy Yiuf.
You squeeze Crazy Yiuf, but do no damage.
Crazy Yiuf is heavily wounded.
You constrict Crazy Yiuf.
Crazy Yiuf whimpers, "Whiteboard water spinner!"
Crazy Yiuf hits you with a +4 quarterstaff of chaos!
You die...

##.......## #........#
###......)..####....#####
..'.........'.......#
###[....############# #
##....# # ##...# #
##..##♣♣ ### # ##..+.♣♣
♣♣#..)# #
#......♣♣♣♣@g...# #
#.......♣..♣#...# ##
#...'..♣.♣♣♣ ###
.#####..##♣♣♣♣♣ ........#
.#####..# ..# ##.# #.###
#.# ....# #.#


You could see Crazy Yiuf.

Vanquished Creatures
  A necrophage (D:3)
  A scorpion (D:3)
  Jessica (D:3)
  6 adders
  4 orcs (D:3)
  3 ball pythons
  4 endoplasms
  3 giant cockroaches
  4 goblins
  10 hobgoblins
  3 jackals (D:3)
  2 quokkas (D:2)
  4 bats
  3 frilled lizards
  12 kobolds
  6 rats
67 creatures vanquished.

Notes
Turn   | Place    | Note
-------+----------+-------------------------------------------
     0 | D:1      | firemarshallily the Octopode Brigand began the quest for
                  | the Orb.
     0 | D:1      | Reached XP level 1. HP: 14/14 MP: 1/1
   127 | D:1      | Found Qicsuwk's Magic Scroll Boutique.
   405 | D:1      | Reached XP level 2. HP: 15/19 MP: 2/2
   946 | D:1      | Reached XP level 3. HP: 24/24 MP: 3/3
  1433 | D:2      | Reached skill level 6 in Stealth
  1510 | D:2      | Identified the +1 leather armour of Fykh {Rampage *Slow
                  | rPois rN++}
  1635 | D:2      | Found a faded altar of an unknown god.
  1755 | D:1      | Bought a scroll of identify for 26 gold pieces
  1755 | D:1      | Bought a scroll of teleportation for 39 gold pieces
  1755 | D:1      | Bought a scroll of identify for 26 gold pieces
  1912 | D:3      | Noticed Jessica
  1922 | D:3      | Killed Jessica
  1923 | D:3      | Reached XP level 4. HP: 28/30 MP: 4/4
  2313 | D:3      | Learned a level 2 spell: Ensorcelled Hibernation
  2412 | D:3      | Reached XP level 5. HP: 23/36 MP: 5/5
  2561 | D:3      | Reached skill level 7 in Stealth
  2830 | D:3      | Found a snail-covered altar of Cheibriados.
  3086 | D:3      | Reached XP level 6. HP: 20/42 MP: 6/6
  3381 | D:3      | Found a runed translucent door.
  3382 | D:3      | Noticed Crazy Yiuf
  3603 | D:3      | Slain by Crazy Yiuf

Illustrated notes

Levels and vault maps discovered:
D:1:      erik_arrival_orb_chamber, layout_basic, serial_shops,
          nicolae_shop_competitors_out_of_business
D:2:      layout_loops_ring, ebering_ecumenical_altar_abandoned
D:3:      minmay_evil_eye, layout_loops_corners,
          mainiacjoe_overflow_six_doors_small, minmay_misc_feat_nine_boxes,
          uniq_jessica, uniq_crazy_yiuf_cottage

Skill      XL: |  1  2  3  4  5 |
---------------+----------------+-----
Stealth        | 6 7 |  7.6
Short Blades   | 3 4 |  4.2
Fighting       | 3 |  3.3
Throwing       | |  2.0
Dodging        | |  1.0

Action                   |  1- 3 |  4- 6 || total
-------------------------+-------+-------++-------
Melee: Dagger            |    78 |    64 ||   142
       Constrict         |    13 |    14 ||    27
       Tentacles         |     8 |    12 ||    20
       Punch             |     1 |       ||     1
 Cast: Ensorcelled Hiber |       |     1 ||     1
  Use: Scroll            |     2 |     2 ||     4
       Potion            |       |     2 ||     2
 Stab: Sleeping          |    20 |     8 ||    28
Armor: Skin              |     2 |     3 ||     5
Dodge: Dodged            |    29 |    22 ||    51
